 Dungeon Crawl Stone Soup version 0.26.1-11-gd32895ea62 (webtiles) character file.

Game seed: 14435273603831038999

87392 KapersCrawl the Fighter (level 15, -6/137 HPs)
             Began as a White Draconian Conjurer on Apr 28, 2021.
             Was a High Priest of Vehumet.
             Mangled by a harpy (13 damage)
             ... summoned by Kirke
             ... on level 4 of the Lair of Beasts on Apr 30, 2021.
             The game lasted 02:07:40 (41655 turns).

KapersCrawl the Fighter (White Draconian Conjurer) Turns: 41655, Time: 02:07:40

Health: -6/137     AC:  0    Str:  9    XL:     15   Next: 43%
Magic:  29/29      EV: 17    Int: 24    God:    Vehumet [*****.]
Gold:   2296       SH:  0    Dex: 11    Spells: 18/34 levels left

rFire    . . .     SeeInvis .   (weapon currently unavailable)
rCold    . . .     Faith    .   (shield currently unavailable)
rNeg     . . .     Spirit   .   (armour unavailable)
rPois    .         Reflect  .   (helmet currently unavailable)
rElec    .         Harm     .   (cloak currently unavailable)
rCorr    .         Rampage  .   (gloves currently unavailable)
Will     +....                  (boots currently unavailable)
Stlth    ++........             k - amulet of regeneration
HPRegen  0.72/turn              (ring currently unavailable)
MPRegen  0.21/turn              (ring currently unavailable)

@: pig-form, very quick
A: small, (breathe frost), unfitting armour, AC +9
a: Renounce Religion


You were on level 4 of the Lair of Beasts.
You worshipped Vehumet.
Vehumet was extremely pleased with you.
You were a filthy swine.
You visited 5 branches of the dungeon, and saw 25 of its levels.

You collected 2320 gold pieces.
You spent 24 gold pieces at shops.

Inventory:

Hand Weapons
 a - the +5 long sword "Zero" (melded) {drain, *Drain Dex+5}
   (You found it on level 4 of the Lair of Beasts)

   A truly terrible weapon, it drains the life of those it strikes.
   It affects your dexterity (+5).
   It causes draining when unequipped.
Missiles
 d - 3 stones
 x - 4 throwing nets
 E - 18 curare-tipped darts
Armour
 t - a +2 buckler of resistance (melded)
 B - a +2 pair of boots (melded)
 G - a +2 pair of gloves (melded)
 T - a scarf of resistance (melded)
 W - a +0 hat (melded)
 Y - a scarf of invisibility
Jewellery
 k - an amulet of regeneration (around neck)
 v - an uncursed ring of willpower
 w - an uncursed amulet of guardian spirit
 A - a +4 ring of evasion
 I - a +4 ring of protection (melded)
 L - an uncursed ring of fire
 M - an uncursed ring of ice
 O - a ring of wizardry (melded)
 S - an uncursed ring of poison resistance
 U - an uncursed ring of positive energy
 V - an uncursed ring of resist corrosion
Wands
 b - a wand of flame (32) (quivered)
 l - a wand of digging (8)
 z - a wand of paralysis (28)
 D - a wand of acid (12)
 F - a wand of polymorph (6)
 H - a wand of iceblast (20)
 P - a wand of disintegration (12)
Scrolls
 f - 4 scrolls of magic mapping
 h - 2 scrolls of fear
 j - 17 scrolls of remove curse
 m - 4 scrolls of noise
 o - 3 scrolls of enchant weapon
 p - 4 scrolls of amnesia
 q - a scroll of blinking
 s - 5 scrolls of fog
 u - 3 scrolls of immolation
 y - 3 scrolls of identify
 K - 6 scrolls of teleportation
Potions
 c - 5 potions of mutation
 e - 7 potions of magic
 g - 9 potions of curing
 i - 6 potions of heal wounds
 n - 4 potions of resistance
 r - 7 potions of flight
 C - 3 potions of attraction
 J - a potion of haste
 N - 3 potions of lignification
 Q - 3 potions of might
 X - 3 potions of cancellation
Miscellaneous
 R - a condenser vane


   Skills:
 + Level 13.9 Fighting
 - Level 6.0 Dodging
 - Level 4.0 Stealth
 - Level 4.0 Shields
 - Level 10.0 Spellcasting
 - Level 12.0 Conjurations
 - Level 8.0 Hexes
 - Level 12.0 Earth Magic
 - Level 10.0 Evocations


You had 18 spell levels left.
You knew the following spells:

 Your Spells              Type           Power        Failure   Level
a - Stone Arrow           Conj/Erth      100%         1%          3
b - Searing Ray           Conj           100%         1%          2
c - Fulminant Prism       Conj/Hex       28%          1%          4
d - Magic Dart            Conj           100%         1%          1
e - Iron Shot             Conj/Erth      31%          1%          6

Your spell library contained the following spells:

 Spells                   Type           Power        Failure   Level
 Fireball                 Conj/Fire      20%          3%          5
 Corona                   Hex            55%          1%          1
 Slow                     Hex            50%          1%          2
 Dazzling Flash           Conj/Hex       100%         1%          3
 Inner Flame              Hex/Fire       31%          1%          3
 Cause Fear               Hex            25%          1%          4
 Iskenderun's Mystic Bla  Conj/Tloc      40%          1%          4
 Leda's Liquefaction      Hex/Erth       28%          1%          4
 Portal Projectile        Hex/Tloc       62%          3%          3
 Animate Skeleton         Necr           24%          5%          1
 Pain                     Necr           48%          5%          1
 Blink                    Tloc           N/A          8%          2
 Borgnjor's Vile Clutch   Necr/Erth      20%          12%         5
 Gell's Gravitas          Tloc           6%           16%         3
 Lesser Beckoning         Tloc           6%           16%         3
 Teleport Other           Tloc           12%          16%         3
 Vampiric Draining        Necr           6%           16%         3
 Conjure Ball Lightning   Conj/Air       20%          17%         6
 Silence                  Hex/Air        15%          28%         5
 Animate Dead             Necr           6%           45%         4
 Passage of Golubria      Tloc           N/A          45%         4
 Summon Lightning Spire   Summ/Air       12%          45%         4
 Agony                    Necr           12%          82%         5
 Death Channel            Necr           6%           100%        6
 Simulacrum               Ice/Necr       6%           100%        6
 Tornado                  Air            6%           100%        9


Dungeon Overview and Level Annotations

Branches:
Dungeon (15/15)            Temple (1/1) D:5            Lair (6/6) D:11
  Swamp (0/4) Lair:3       Spider (1/4) Lair:4        Slime (0/5) Lair:6
    Orc (2/2) D:11         Vaults (0/5) D:13         Depths (0/5) D:15
    Elf: Orc:2

Altars:
Ashenzari
Cheibriados
Dithmenos
Elyvilon
Fedhas
Gozag
Hepliaklqana
Kikubaaqudgha
Makhleb
Nemelex Xobeh
Okawaru
Qazlal
Ru
Sif Muna
Trog
Uskayaw
Vehumet
Wu Jian
Xom
Yredelemnul
Zin
The Shining One
Beogh
Jiyva

Shops:
D:4 [   D:7 *   D:9 ???   D:13 }   D:14 !   Orc:2 [

Portals:
Trove: D:11 (give horn of Geryon)

Annotations:
D:5 1 runed translucent door, GenialerGandalf's ghost, novice HOFi
D:14 Roxanne
Lair:4 3 runed translucent doors, Kirke; Laummuim's ghost, journeyman FeFi
Lair:5 3 runed translucent doors, Seanyple's ghost, journeyman DrFi
Lair:6 2 transporters, manix's ghost, journeyman HuFi


Innate Abilities, Weirdness & Mutations

((You can breathe waves of freezing cold.))
((You can buffet flying creatures when you breathe cold.))
((Your icy white scales are hard. (AC +9)))
You cannot fit into any form of body armour.
((Your flesh is cold resistant. (rC+)))
((You are cold-blooded and may be slowed by cold attacks.))


Message History

* * * LOW HITPOINT WARNING * * *
The harpy barely misses you. The harpy barely misses you. The harpy claws you!
* * * LOW HITPOINT WARNING * * *
You can't do that in your present form.
Unknown command.
The harpy claws you!
* * * LOW HITPOINT WARNING * * *
The harpy claws you!
* * * LOW HITPOINT WARNING * * *
There is an escape hatch in the ceiling here.
Unknown command.
You feel much better. The harpy closely misses you. The harpy claws you!
* * * LOW HITPOINT WARNING * * *
The harpy claws you!!
* * * LOW HITPOINT WARNING * * *
The harpy misses you.
The harpy screeches!
The harpy barely misses you. The harpy closely misses you. The harpy claws you!
You die...

........#.....(.............#
.......#.#....[......###...##
.....#..............## #...#
#....###.#...........###...##
.....# ##...........#.......##
....######.................#.#
#...###P#....>............####
..{......#......H.........##
#.##.....=......h........#.#
.#.##....P.....H....#...####
........................##
..k...#.............#....###
#.##.#..................##.#
.#...#.#..................##
....†.##..................#
.k..>.....................#
.#........................#


You could see 2 harpies.

Vanquished Creatures
  3 ogre magi (D:15)
  An ettin (D:15)
  Josephine (D:12)
  A vault guard (D:12)
  2 boulder beetles (D:15)
  Harold (Lair:2)
  2 hydras
  Fannar (D:11)
  Erica (D:11)
  A centaur warrior (D:13)
  An anaconda (Lair:6)
  A death knight (D:14)
  11 two-headed ogres
  A tengu warrior (D:15)
  7 death yaks
  Sonja (D:10)
  A skeletal warrior (D:14)
  2 unseen horrors
  A phantasmal warrior (D:14)
  A necromancer (Lair:4)
  An orc knight (D:11)
  5 wolf spiders (Lair:4)
  2 wolf spider zombies
  A deep elf mage (D:14)
  An orb spider (shapeshifter) (D:15)
  11 ugly things
  An oklob plant (Lair:6)
  2 orb spiders (Spider:1)
  3 orc sorcerers (Orc:1)
  6 cyclopes
  A moth of wrath (Lair:4)
  Joseph (D:8)
  Maurice (D:8)
  2 black mambas
  3 gargoyles
  A torpor snail (Lair:4)
  7 elephants
  A smoke demon (D:14)
  2 rime drakes
  2 komodo dragons
  A redback zombie (D:15)
  2 kobold demonologists (D:15)
  A yaktaur (D:15)
  13 cane toads
  2 demonic crawlers (Lair:4)
  A tengu conjurer (D:15)
  2 freezing wraiths
  8 jumping spiders
  3 polar bears
  A slime creature (D:14)
  8 trolls
  3 blink frogs (Lair:3)
  3 dream sheep (Lair:4)
  10 redbacks
  5 fire elementals (D:14)
  55 yaks
  2 shadows (D:13)
  4 tarantellas (Lair:4)
  9 wraiths
  4 wyverns
  6 basilisks
  2 wargs
  A harpy simulacrum (D:14)
  Edmund (D:4)
  17 water moccasins
  An acid dragon (D:13)
  A soldier ant (D:13)
  3 hell hounds (D:14)
  7 ice beasts
  12 orc warriors
  6 sky beasts
  6 black bears
  A hornet zombie (D:10)
  2 phantoms
  An eye of draining (D:9)
  12 centaurs
  2 necrophages
  9 ogres
  6 wolves
  31 bullfrogs
  3 big kobolds
  2 gnoll sergeants
  A wyvern zombie (D:5)
  A wyvern skeleton (D:14)
  5 scorpions
  31 killer bees
  16 wights
  7 howler monkeys
  An electric eel (Lair:1)
  2 bullfrog zombies (D:5)
  2 quasits
  6 hounds
  3 jellies
  11 orc priests
  4 bullfrog skeletons
  23 orc wizards
  Ijyb (D:2)
  7 centaur skeletons
  6 iguanas
  2 yak simulacra (Lair:4)
  4 polar bear simulacra (Lair:4)
  12 worker ants
  A killer bee zombie (D:9)
  5 wolf simulacra (Lair:4)
  A hound zombie (D:5)
  A hound skeleton (D:5)
  A worker ant zombie (D:11)
  13 adders
  12 gnolls
  A white imp (D:7)
  4 ufetubi
  2 adder skeletons
  An adder zombie (D:9)
  7 worms
  A dart slug (D:1)
  6 leopard geckos
  85 orcs
  2 ball pythons
  7 giant cockroaches
  6 hobgoblins
  5 jackals (D:3)
  A quokka (D:6)
  10 bats
  7 frilled lizards
  9 goblins
  2 jackal skeletons
  21 kobolds
  2 quokka zombies
  12 rats
  A fulminant prism (D:11)
735 creatures vanquished.

Vanquished Creatures (others)
  A centaur zombie (D:14)
  A centaur simulacrum (D:14)
  A quokka (D:15)
  263 fulminant prisms
  48 fungi
  50 plants
364 creatures vanquished.

Grand Total: 1099 creatures vanquished

Notes
Turn   | Place    | Note
-------+----------+-------------------------------------------
     0 | D:1      | KapersCrawl the Draconian Conjurer began the quest for the
                  | Orb.
     0 | D:1      | Reached XP level 1. HP: 14/14 MP: 3/3
   204 | D:1      | Reached skill level 1 in Fighting
   307 | D:1      | Reached XP level 2. HP: 23/23 MP: 0/5
   374 | D:1      | Learned a level 2 spell: Searing Ray
   603 | D:1      | Reached skill level 2 in Fighting
  1201 | D:2      | Reached XP level 3. HP: 30/30 MP: 2/6
  1288 | D:2      | Reached skill level 3 in Fighting
  1542 | D:2      | Reached skill level 4 in Fighting
  1542 | D:2      | Reached XP level 4. HP: 40/40 MP: 0/7
  1822 | D:2      | Found a faded altar of an unknown god.
  2436 | D:3      | Noticed a gnoll sergeant
  3022 | D:2      | Learned a level 4 spell: Fulminant Prism
  3646 | D:3      | Reached skill level 5 in Conjurations
  3646 | D:3      | Reached XP level 5. HP: 46/46 MP: 3/8
  3805 | D:3      | Reached skill level 1 in Hexes
  3861 | D:3      | Found a white marble altar of Elyvilon.
  4029 | D:3      | Noticed Ijyb
  4070 | D:2      | Killed Ijyb
  4706 | D:3      | Reached XP level 6. HP: 52/52 MP: 2/9
  4709 | D:3      | Became a worshipper of Elyvilon the Healer
  5288 | D:4      | Noticed Edmund
  5431 | D:4      | Killed Edmund
  5494 | D:4      | Found Uvobbad's Antique Armour Shoppe.
  5676 | D:4      | Your scales start taking on an icy white colour.
  5676 | D:4      | Reached XP level 7. HP: 60/60 MP: 6/11
  5676 | D:4      | Gained mutation: Your flesh is cold resistant. (rC+) [White
                  | Draconian growth]
  5767 | D:4      | Reached * piety under Elyvilon
  5841 | D:4      | Reached skill level 5 in Fighting
  5987 | D:4      | Found an opulent altar of Gozag.
  6380 | D:5      | Entered Level 5 of the Dungeon
  6729 | D:5      | Reached skill level 6 in Fighting
  6980 | D:5      | Found a runed translucent door.
  6981 | D:5      | Noticed GenialerGandalf's ghost (novice HOFi)
  7432 | D:5      | Reached ** piety under Elyvilon
  7534 | D:5      | Reached XP level 8. HP: 70/70 MP: 6/12
  7764 | D:5      | Reached skill level 5 in Hexes
  8079 | D:5      | Found a staircase to the Ecumenical Temple.
  8085 | Temple   | Entered the Ecumenical Temple
  8303 | Temple   | Fell from the grace of Elyvilon
  8303 | Temple   | Became a worshipper of Vehumet
  9086 | D:6      | Reached skill level 7 in Fighting
  9197 | D:6      | Found a stormy altar of Qazlal.
 10741 | D:7      | Reached XP level 9. HP: 72/79 MP: 9/15
 11610 | D:7      | Reached * piety under Vehumet
 11610 | D:7      | Offered knowledge of Shock by Vehumet.
 12300 | D:7      | Found Ezxuax's Serpentskin Sales.
 12735 | D:8      | Noticed Joseph
 12759 | D:8      | Noticed Maurice
 12910 | D:8      | Killed Maurice
 13032 | D:8      | Reached skill level 8 in Fighting
 13456 | D:8      | Killed Joseph
 13721 | D:8      | Reached skill level 9 in Fighting
 13721 | D:8      | Reached XP level 10. HP: 91/91 MP: 9/16
 13726 | D:8      | Reached skill level 1 in Evocations
 14312 | D:8      | Reached ** piety under Vehumet
 14312 | D:8      | Offered knowledge of Freeze by Vehumet.
 14443 | D:9      | Found Pits's Magic Scroll Boutique.
 14641 | D:9      | Found Zuav's Magic Scroll Shop.
 14649 | D:9      | Bought a scroll of fog for 24 gold pieces
 15076 | D:9      | Found Bodway's Magic Scroll Emporium.
 15523 | D:10     | Entered Level 10 of the Dungeon
 15528 | D:10     | Reached skill level 5 in Spellcasting
 15534 | D:9      | Offered knowledge of Mephitic Cloud by Vehumet.
 15660 | D:10     | Noticed Sonja
 16196 | D:10     | Reached skill level 10 in Fighting
 16409 | D:10     | Killed Sonja
 16605 | D:9      | Reached *** piety under Vehumet
 16879 | D:10     | Offered knowledge of Conjure Flame by Vehumet.
 17075 | D:10     | Reached skill level 10 in Conjurations
 17492 | D:11     | Noticed Erica
 17535 | D:11     | Reached XP level 11. HP: 99/99 MP: 15/18
 17945 | D:11     | Reached **** piety under Vehumet
 18354 | D:11     | Offered knowledge of Stone Arrow by Vehumet.
 18436 | D:11     | Reached skill level 11 in Fighting
 18680 | D:11     | Killed Erica
 18794 | D:11     | Noticed Fannar
 18811 | D:11     | Killed Fannar
 18914 | D:11     | Found a staircase to the Orcish Mines.
 19233 | D:11     | Found a portal to a secret trove of treasure.
 19263 | D:11     | Found a staircase to the Lair.
 19593 | Lair:1   | Entered Level 1 of the Lair of Beasts
 19732 | D:11     | Learned a level 3 spell: Stone Arrow
 19743 | D:11     | Reached skill level 1 in Earth Magic
 21027 | Lair:2   | Reached skill level 5 in Earth Magic
 21037 | Lair:2   | Reached XP level 12. HP: 103/110 MP: 4/24
 21297 | Lair:2   | Noticed Harold
 21532 | Lair:2   | Reached ***** piety under Vehumet
 21576 | Lair:2   | Offered knowledge of Iron Shot by Vehumet.
 21869 | Lair:2   | Noticed a seven-headed hydra
 21879 | Lair:2   | Killed a seven-headed hydra
 21989 | Lair:2   | Learned a level 6 spell: Iron Shot
 22158 | Lair:2   | Killed Harold
 23245 | Lair:3   | Reached skill level 10 in Earth Magic
 23653 | Lair:3   | Found a staircase to the Swamp.
 24478 | Lair:4   | Found a runed translucent gate.
 24479 | Lair:4   | Found a runed translucent gate.
 24481 | Lair:4   | Found a runed translucent gate.
 24482 | Lair:4   | Noticed Laummuim's ghost (journeyman FeFi)
 24527 | Lair:4   | Found a hole to the Spider Nest.
 24778 | Lair:4   | Got a crystal long sword
 24779 | Lair:4   | Identified the +5 long sword "Zero" {drain, *Drain Dex+5}
                  | (You found it on level 4 of the Lair of Beasts)
 24833 | Lair:4   | Reached XP level 13. HP: 114/116 MP: 19/25
 25447 | Lair:5   | Found a runed translucent gate.
 25449 | Lair:5   | Noticed Seanyple's ghost (journeyman DrFi)
 25512 | Lair:5   | Found a runed translucent gate.
 25512 | Lair:5   | Found a runed translucent gate.
 26057 | Lair:5   | You fall into a shaft and drop 1 floor!
 26057 | Lair:6   | Entered Level 6 of the Lair of Beasts
 27416 | D:12     | Offered knowledge of Lee's Rapid Deconstruction by Vehumet.
 27998 | D:12     | Reached skill level 5 in Evocations
 28617 | D:12     | Noticed Josephine
 28622 | D:12     | Killed Josephine
 29555 | D:13     | Noticed Nessos
 29556 | D:13     | Noticed Nessos
 29556 | D:13     | Nessos changed into Nessos the black mamba
 29559 | D:13     | Killed Nessos the black mamba
 29846 | D:13     | Found Heroaw's Gadget Boutique.
 30224 | D:13     | Found a gate to the Vaults.
 31029 | D:14     | Identified Roxanne's Almanac of the Mountains
 31029 | D:14     | Noticed Roxanne
 31046 | D:14     | Found Misahiod's Distillery.
 31483 | D:13     | Reached XP level 14. HP: 124/124 MP: 18/26
 31850 | D:14     | Reached skill level 10 in Evocations
 32321 | D:14     | Offered knowledge of Irradiate by Vehumet.
 32481 | D:14     | Noticed Azrael
 32533 | D:14     | Noticed Azrael
 32533 | D:14     | Azrael changed into Azrael the smoke demon
 32535 | D:14     | Killed Azrael the smoke demon
 33189 | D:14     | Reached skill level 12 in Fighting
 33532 | D:14     | Found a glowing golden altar of the Shining One.
 33954 | D:15     | Entered Level 15 of the Dungeon
 34457 | D:15     | Found the +10 Black Knight's barding {ponderous, rPois rN+}
 34457 | D:15     | Noticed a frost giant
 34457 | D:15     | Noticed a sphinx
 34750 | D:15     | Found a staircase to the Depths.
 34806 | D:15     | Found a white marble altar of Elyvilon.
 35178 | D:15     | Reached skill level 10 in Spellcasting
 35711 | D:15     | Reached skill level 1 in Shields
 36466 | D:15     | Reached skill level 5 in Dodging
 37059 | D:15     | Offered knowledge of Fireball by Vehumet.
 37449 | Orc:1    | Entered Level 1 of the Orcish Mines
 37461 | Orc:1    | Reached XP level 15. HP: 132/132 MP: 23/29
 37558 | Orc:1    | Found a roughly hewn altar of Beogh.
 37953 | Orc:2    | Entered Level 2 of the Orcish Mines
 37953 | Orc:2    | Found Reybutalip's Antique Armour Shoppe.
 37953 | Orc:2    | Noticed an orc warlord
 37956 | Orc:2    | Paralysed by an orc sorcerer for 6 turns
 39636 | Lair:6   | Found a transporter.
 39643 | Lair:6   | Found a bloodstained altar of Trog.
 39650 | Lair:6   | Found a transporter.
 39650 | Lair:6   | Identified the +4 spear of Intudisy {antimagic, +Inv}
 39651 | Lair:6   | Identified the +10 trident of Fedhas's Vengeance
                  | {antimagic, Will+}
 39651 | Lair:6   | Noticed manix's ghost (journeyman HuFi)
 39845 | Lair:6   | Found a viscous altar of Jiyva.
 39846 | Lair:6   | Found a staircase to the Slime Pits.
 40291 | Spider:1 | Entered Level 1 of the Spider Nest
 40299 | Spider:1 | Reached skill level 13 in Fighting
 41516 | Spider:1 | Noticed Kirke
 41653 | Lair:4   | HP: 2/137 [harpy[Kirke] (9)]
 41655 | Lair:4   | Mangled by a harpy

Illustrated notes

Levels and vault maps discovered:
D:1:      erik_arrival_orb_chamber, layout_loops_ring
D:2:      layout_basic, chequers_ecumenical_altar_simple_redux
D:3:      layout_basic, overflow_temple_1_default, minivault_14,
          nrook_mini_backslash, uniq_ijyb
D:4:      layout_cave_pools, nicolae_gozag_cash_rules_everything_around_me,
          serial_shops, shop, uniq_edmund
D:5:      layout_basic, minmay_temple_entry_hall, gammafunk_ghost_grave
D:6:      layout_layer_cave, grunt_qazlal_clouds
D:7:      layout_basic, chequers_mini_garden, guppyfry_shop_venom
D:8:      layout_rooms, uniq_joseph, uniq_maurice
D:9:      layout_basic, serial_shops, shop_scrolls, shop_scrolls, shop
D:10:     layout_cave_pools, uniq_sonja
D:11:     layout_long_grid, grunt_lair_entry_orc_guard_hut, erik_orc_3,
          nicolae_trove_entry_columns, abandoned_shop, uniq_fannar, uniq_erica
D:12:     layout_loops_corners, uniq_josephine
D:13:     layout_roguey, david_vaults_5, serial_shops, shop, uniq_nessos
D:14:     minmay_polygon_palace, layout_small_grid,
          nicolae_tso_carved_into_rock, serial_shops, shop, uniq_roxanne,
          uniq_azrael
D:15:     hangedman_depths_entry_civil_slaughter, layout_gridville,
          elyvilon_altar_4, minivault_12
Temple:   regret_index_temple_chain_breaker
Lair:1:   layout_hall_layers, gammafunk_lair_bear_cave
Lair:2:   layout_hall_layers, beast_lair_carwin_1, uniq_harold
Lair:3:   layout_hall_layers, swamp_mist, infiniplex_staircase_pool
Lair:4:   layout_gridlike, nicolae_spider_entry_non_spiders,
          gammafunk_ghost_necromancy, eino_house_with_fridge,
          lemuel_fruit_fields, lemuel_fruit_tree
Lair:5:   layout_concentric_octagons, gammafunk_ghost_hydra_chop
Lair:6:   due_jungle_book, layout_misc_corridors,
          dpeg_slime_entry_enclosed_altar, gammafunk_ghost_wrathful_warriors
Spider:1: layout_spider_delve, uniq_kirke
Orc:1:    layout_caves, basic_altar
Orc:2:    grunt_orc_gardens, layout_diamond_mine, grunt_orc_garden,
          grunt_orc_garden, grunt_orc_garden, grunt_orc_garden,
          gammafunk_ghost_fury_of_okawaru, uniq_jorgrun

Skill      XL: |  1  2  3  4  5  6  7  8  9 10 11 12 13 14 15 |
---------------+----------------------------------------------+-----
Stealth        | 2 4 |  4.0
Fighting       | 1 2 4 6 7 9 10 11 12 13 | 13.9
Conjurations   | 5 6 7 8 10 11 12 | 12.0
Hexes          | 2 4 6 8 |  8.0
Dodging        | 2 6 |  6.0
Spellcasting   | 4 5 8 10 | 10.0
Evocations     | 4 9 10 | 10.0
Earth Magic    | 5 11 12 | 12.0
Shields        | 4 |  4.0

Action                   |  1- 3 |  4- 6 |  7- 9 | 10-12 | 13-15 || total
-------------------------+-------+-------+-------+-------+-------++-------
Melee: Dagger            |    22 |       |       |       |       ||    22
       Tailslap          |     5 |     6 |     3 |     6 |    25 ||    45
       Short sword       |       |    76 |    30 |       |       ||   106
       Spear             |       |       |    19 |    22 |       ||    41
       Scimitar          |       |       |       |    27 |       ||    27
       Long sword        |       |       |       |     2 |   101 ||   103
Throw: Stone             |     1 |     3 |       |     4 |    20 ||    28
       Dart              |       |     5 |     1 |    10 |       ||    16
       Throwing net      |       |       |       |       |     1 ||     1
 Cast: Magic Dart        |    43 |    86 |   165 |   118 |    71 ||   483
       Searing Ray       |     5 |    24 |    45 |    43 |    11 ||   128
       Fulminant Prism   |       |       |    40 |   135 |    89 ||   264
       Stone Arrow       |       |       |       |   107 |   211 ||   318
       Iron Shot         |       |       |       |     2 |   242 ||   244
 Abil: Breathe Frost     |       |       |    25 |    27 |    16 ||    68
Evoke: Wand              |       |       |     4 |     5 |    16 ||    25
  Use: Scroll            |     6 |     9 |    12 |     6 |     7 ||    40
       Potion            |       |     2 |     3 |       |     3 ||     8
 Stab: Sleeping          |     3 |     1 |       |     1 |       ||     5
Armor: Skin              |     9 |    38 |    50 |   109 |   170 ||   376
Dodge: Dodged            |    17 |    54 |    75 |   259 |   334 ||   739
Block: Buckler           |       |       |       |       |    51 ||    51
       Rpst.: Scimitar   |       |       |       |    17 |       ||    17
       Long sword        |       |       |       |     2 |    67 ||    69
